[Event "VII Cape Verde Championship 2023"]
[Site "Ponta do Sol"]
[Date "2023.12.10"]
[Round "9.3"]
[White "Monteiro, Antonio David Cabral"]
[Black "Barros, Luis"]
[Result "0-1"]
[ECO "A80"]
[WhiteElo "1801"]
[BlackElo "1656"]
[Annotator "NA"]
[PlyCount "28"]
[EventDate "2023.11.30"]
[EventType "tourn"]
[EventCountry "KAP"]
[SourceTitle "playchess.com"]
[Source "ChessBase"]
[SourceQuality "1"]
[TimeControl "40/5400+30:1800+30"]

1. d4 f5 2. Bf4 d6 3. d5 e6 4. Nc3 e5 5. Bd2 Nf6 6. f3 Nh5 7. Be3 Qh4+ 8. Bf2 Qb4 9. Qc1 c5 10. a3 Qb6 11. e4 a6 12. exf5 Be7 13. Nh3 Qd8 14. Bd3 b5 0-1

[Event "VII Cape Verde Championship 2023"]
[Site "Ponta do Sol"]
[Date "2023.12.10"]
[Round "9.4"]
[White "Teixeira, Gil"]
[Black "Santos, Kelim Morais"]
[Result "1-0"]
[ECO "C58"]
[WhiteElo "1820"]
[BlackElo "1436"]
[Annotator "NA"]
[PlyCount "93"]
[EventDate "2023.11.30"]
[EventType "tourn"]
[EventCountry "KAP"]
[SourceTitle "playchess.com"]
[Source "ChessBase"]
[SourceQuality "1"]
[TimeControl "40/5400+30:1800+30"]

1. e4 e5 2. Bc4 Nc6 3. Nf3 Nf6 4. Ng5 d5 5. exd5 Na5 6. Bb5+ Bd7 7. Qe2 Bd6 8. d4 O-O 9. dxe5 Re8 10. Nf3 c6 11. dxc6 Nxc6 12. Bxc6 Bxc6 13. O-O Bxf3 14. Qxf3 Bxe5 15. Nc3 Bxc3 16. Qxc3 Rc8 17. Qb3 Re2 18. c3 Re7 19. Bg5 h6 20. Bxf6 gxf6 21. Rad1 Qe8 22. Rd4 f5 23. Qd1 Re6 24. Qf3 Qb5 25. Rb4 Qc6 26. Qxf5 Rf6 27. Qe4 b6 28. Qxc6 Rcxc6 29. Rd4 Rfe6 30. Rd2 Kg7 31. g3 Re5 32. Kg2 a5 33. Rfd1 Rce6 34. Rd6 b5 35. Rxe6 fxe6 36. Rd2 Kf6 37. f4 Re1 38. Kf2 Rh1 39. Kf3 Re1 40. Re2 Rd1 41. Kg4 Rd5 42. Kf3 h5 43. Ke4 Rd1 44. Ke3 Rd5 45. Rd2 Kf5 46. Rxd5+ exd5 47. Kd4 1-0

[Event "VII Cape Verde Championship 2023"]
[Site "Ponta do Sol"]
[Date "2023.12.10"]
[Round "9.5"]
[White "Vaz, Jose Carlos"]
[Black "Rodriguez Guevara, Celia M."]
[Result "1-0"]
[ECO "B11"]
[WhiteElo "1833"]
[BlackElo "1746"]
[Annotator "NA"]
[PlyCount "81"]
[EventDate "2023.11.30"]
[EventType "tourn"]
[EventCountry "KAP"]
[SourceTitle "playchess.com"]
[Source "ChessBase"]
[SourceQuality "1"]
[TimeControl "40/5400+30:1800+30"]

1. e4 c6 2. Nf3 d5 3. Nc3 d4 4. Ne2 c5 5. b4 e6 6. Bb2 b6 7. Ng3 Ne7 8. h4 h5 9. Bb5+ Bd7 10. Bxd7+ Nxd7 11. Ng5 Nf6 12. Qe2 Ng6 13. e5 Ng4 14. f4 Nh6 15. f5 Nxh4 16. Qb5+ Qd7 17. Qxd7+ Kxd7 18. Rxh4 Be7 19. fxe6+ fxe6 20. Rxh5 g6 21. Rh3 Bxg5 22. O-O-O Ng4 23. Ne4 Be7 24. Re1 Raf8 25. bxc5 bxc5 26. Ra3 Ra8 27. Ra5 Rhc8 28. Ba3 Nxe5 29. Nxc5+ Bxc5 30. Rxe5 Bb6 31. Ra4 Rh8 32. Rg5 Rab8 33. d3 Rh1+ 34. Kd2 Rf8 35. Bxf8 Bc7 36. Rxa7 Kc6 37. Rxg6 Bf4+ 38. Ke2 Kb6 39. Ra4 Be3 40. Rxe6+ Kc7 41. Ra7+ 1-0